 Dungeon Crawl Stone Soup version 0.21-a0-142-gdd972a7 (webtiles) character file.

2331 dranulous the Carver (level 9, -8/79 HPs)
             Began as a Minotaur Berserker on July 21, 2017.
             Was an Elder of Trog.
             Mangled by ragingrage's ghost (18 damage)
             ... in a bailey on July 22, 2017.
             The game lasted 04:22:55 (5841 turns).

dranulous the Carver (Minotaur Berserker)           Turns: 5841, Time: 04:22:56

Health: -8/79      AC: 13    Str: 28    XL:     9   Next: 19%
Magic:  7/7        EV:  9    Int:  4    God:    Trog [****..]
Gold:   457        SH:  0    Dex: 11    Spells: 8/8 levels left

rFire    . . .     SeeInvis +   B - +0 great sword
rCold    . . .     Gourm    .   (shield currently unavailable)
rNeg     . . .     Faith    .   l - +0 plate armour
rPois    .         Spirit   .   (helmet restricted)
rElec    .         Reflect  .   (no cloak)
rCorr    .         Harm     .   (no gloves)
MR       .....     Rnd*Rage +   (no boots)
Stlth    ..........             (no amulet)
HPRegen  0.23/turn              v - +2 ring of slaying
MPRegen  0.10/turn              y - ring of see invisible

@: flying
A: retaliatory headbutt, horns 2, agile 1, berserk 1, low mp 1, strong 1
a: Berserk, Trog's Hand, Brothers in Arms, Burn Spellbooks, Renounce Religion


You were in a bailey.
You worshipped Trog.
Trog was greatly pleased with you.
You were not hungry.

You visited 2 branches of the dungeon, and saw 9 of its levels.
You also visited: Bailey.

You collected 457 gold pieces.

Inventory:

Hand Weapons
 a - a +0 falchion
 f - a +1 dagger of flaming
 t - a +0 hunting sling
 x - a +0 war axe
 A - a +0 shortbow
 B - a +0 great sword (weapon)
Missiles
 g - 2 throwing nets
 j - 42 bolts (quivered)
 k - 164 arrows
 r - 8 poisoned needles
 w - 23 sling bullets
 F - 6 poisoned tomahawks
Armour
 l - a +0 plate armour (worn)
Jewellery
 v - a +2 ring of slaying (left hand)
 y - a ring of see invisible (right hand)
 G - a +5 ring of slaying
 H - an uncursed ring of fire
Wands
 e - a wand of random effects (13/48)
 i - a wand of paralysis (8/24)
 m - a wand of random effects (25/48)
 o - a wand of paralysis (12/24)
 p - a wand of confusion (17/48)
 q - a wand of polymorph (16/24)
 E - a wand of digging (7/24)
Scrolls
 d - 6 scrolls of identify
 n - 2 scrolls of immolation
 z - a scroll of teleportation
 D - a scroll of recharging
Comestibles
 c - 6 bread rations
 h - 2 meat rations


   Skills:
 + Level 7.4 Fighting
 + Level 10.5 Long Blades
 + Level 8.2 Armour
 + Level 4.0 Dodging
 + Level 0.5 Stealth
 + Level 0.1 Evocations


You had 8 spell levels left.
You didn't know any spells.

Dungeon Overview and Level Annotations

Branches:
Dungeon (8/15)             Temple (1/1) D:7
   Lair: D:8-11

Altars:
Ashenzari
Cheibriados
Dithmenos
Elyvilon
Fedhas
Hepliaklqana
Nemelex Xobeh
Okawaru
Qazlal
Sif Muna
Trog
Vehumet
Wu Jian
Xom
Zin
The Shining One

Annotations:
Bailey ragingrage's ghost, novice MfGl


Innate Abilities, Weirdness & Mutations

You reflexively headbutt those who attack you in melee.
You have a pair of horns on your head.
You are agile. (Dex +2)
You tend to lose your temper in combat.
Your magical capacity is low. (-10% MP)
Your muscles are strong. (Str +2)


Message History

You kill the kobold!
Trog accepts your kill.
The kobold throws a tomahawk of returning.
The tomahawk of returning barely misses you.
You fail to use your ability.
Ragingrage's ghost hits you.
You closely miss ragingrage's ghost. You headbutt ragingrage's ghost.
Ragingrage's ghost is moderately damaged.
The kobold hits you but does no damage. Ragingrage's ghost misses you.
You slice ragingrage's ghost!!
Your headbutt misses ragingrage's ghost.
Ragingrage's ghost is severely damaged.
The kobold hits you.
* * * LOW HITPOINT WARNING * * *
Ragingrage's ghost hits you!
* * * LOW HITPOINT WARNING * * *
The kobold hits you but does no damage.
Your plate armour prevents you from hitting ragingrage's ghost.
Ragingrage's ghost is heavily damaged.
Ragingrage's ghost hits you!!
You die...

▓▓▓▓▓ ▓.∩.▓
▓...▓ ▓.∩(▓
######'######
#...K≈.≈K...#
#'###≈.≈###'#
#.K@W≈.≈KKK.#
#'###≈.≈###'#
# .≈.≈K..^
##≈.≈###'#
.≈.≈..
#≈.≈### .≈.≈.
#≈.≈##


You could see ragingrage's ghost and 6 kobolds.

Vanquished Creatures
  A hippogriff (D:8)
  A phantom (D:8)
  A necrophage (D:7)
  5 centaurs
  A big kobold (D:7)
  2 bullfrogs (D:7)
  A scorpion (D:7)
  9 killer bees (D:7)
  A crimson imp (D:7)
  A bullfrog skeleton (D:6)
  5 orc priests
  Crazy Yiuf (D:2)
  A hound (D:7)
  2 jellies
  9 orc wizards
  Jessica (D:2)
  An iguana (D:4)
  5 worker ants
  A killer bee zombie (D:8)
  A worker ant zombie (D:8)
  7 adders
  An adder skeleton (D:5)
  A worm (D:4)
  2 dart slugs
  3 leopard geckos
  14 orcs
  3 giant cockroaches
  8 goblins
  4 hobgoblins
  11 kobolds
  4 quokkas
  6 ball pythons
  10 bats
  4 frilled lizards
  A jackal skeleton (D:7)
  3 rats
  A fungus (D:1)
133 creatures vanquished.

Notes
Turn   | Place    | Note
-------+----------+-------------------------------------------
     0 | D:1      | dranulous the Minotaur Berserker began the quest for the Orb.
     0 | D:1      | Reached XP level 1. HP: 19/19 MP: 0/0
   159 | D:1      | Gained mutation: You tend to lose your temper in combat. [potion of mutation]
   159 | D:1      | Gained mutation: You often lose your temper in combat. [potion of mutation]
   159 | D:1      | Gained mutation: Your system is resistant to poisons. (rPois) [potion of mutation]
   159 | D:1      | Gained mutation: Your mind is acute. (Int +2) [potion of mutation]
   160 | D:1      | Lost mutation: Your mind is acute. (Int +2) [potion of mutation]
   160 | D:1      | Lost mutation: You often lose your temper in combat. [potion of mutation]
   160 | D:1      | Gained mutation: Your mind is acute. (Int +2) [potion of mutation]
   160 | D:1      | Gained mutation: You are robust. (+10% HP) [potion of mutation]
   160 | D:1      | Gained mutation: Your muscles are strong. (Str +2) [potion of mutation]
   260 | D:1      | Reached XP level 2. HP: 22/29 MP: 1/1
   262 | D:1      | Reached skill level 4 in Long Blades
   507 | D:2      | Noticed Jessica
   513 | D:2      | Found an ornate altar of the Wu Jian Council.
   515 | D:2      | Killed Jessica
   515 | D:2      | Reached XP level 3. HP: 33/37 MP: 2/2
   817 | D:2      | Lost mutation: You are robust. (+10% HP) [potion of mutation]
   817 | D:2      | Lost mutation: Your muscles are strong. (Str +2) [potion of mutation]
   817 | D:2      | Lost mutation: Your system is resistant to poisons. (rPois) [potion of mutation]
   817 | D:2      | Lost mutation: Your mind is acute. (Int +2) [potion of mutation]
   817 | D:2      | Gained mutation: Your muscles are strong. (Str +2) [potion of mutation]
   817 | D:2      | Gained mutation: Your magical capacity is low. (-10% MP) [potion of mutation]
   817 | D:2      | Gained mutation: You are agile. (Dex +2) [potion of mutation]
   904 | D:2      | Found a bloodstained altar of Trog.
   985 | D:2      | Reached ** piety under Trog
  1163 | D:2      | Reached XP level 4. HP: 37/41 MP: 2/2
  1270 | D:2      | Found a runed door.
  1276 | D:2      | Noticed Crazy Yiuf
  1279 | D:2      | Killed Crazy Yiuf
  1436 | D:3      | Found a faded altar of an unknown god.
  1446 | D:3      | Reached skill level 5 in Fighting
  1446 | D:3      | Reached skill level 5 in Long Blades
  1447 | D:3      | Reached XP level 5. HP: 29/48 MP: 3/3
  1671 | D:3      | Found a blossoming altar of Fedhas.
  2179 | D:3      | Upgraded the game from 0.21-a0-140-g479285b to 0.21-a0-142-gdd972a7
  2401 | D:4      | Reached XP level 6. HP: 55/56 MP: 4/4
  2491 | D:4      | Found a shimmering altar of Xom.
  2493 | D:4      | Found a shimmering altar of Xom.
  2493 | D:4      | Found a shimmering altar of Xom.
  2493 | D:4      | Found a shimmering altar of Xom.
  2504 | D:4      | Found a shimmering altar of Xom.
  2524 | D:4      | Reached *** piety under Trog
  2548 | D:4      | Reached skill level 6 in Long Blades
  2866 | D:5      | Entered Level 5 of the Dungeon
  2870 | D:5      | Found a sparkling altar of Nemelex Xobeh.
  3293 | D:5      | Found an iron altar of Okawaru.
  3997 | D:6      | Reached XP level 7. HP: 62/62 MP: 5/5
  4033 | D:6      | Reached skill level 5 in Armour
  4158 | D:7      | Reached skill level 7 in Long Blades
  4322 | D:7      | Reached XP level 8. HP: 22/71 MP: 6/6
  4703 | D:7      | Reached skill level 8 in Long Blades
  5019 | D:7      | Found a staircase to the Ecumenical Temple.
  5022 | D:7      | Reached skill level 9 in Long Blades
  5029 | Temple   | Entered the Ecumenical Temple
  5377 | D:8      | Reached **** piety under Trog
  5484 | D:8      | Noticed a hippogriff
  5497 | D:8      | Killed a hippogriff
  5497 | D:8      | Reached skill level 10 in Long Blades
  5497 | D:8      | Reached XP level 9. HP: 28/79 MP: 7/7
  5797 | D:8      | Found a flagged portal.
  5806 | Bailey   | Entered a bailey
  5826 | Bailey   | Noticed ragingrage's ghost (novice MfGl)
  5841 | Bailey   | Mangled by ragingrage's ghost

Vault maps used:
D:1:      scummos_arrival_checkerplants, st_stairs_11, minivault_23,
          nrook_uturn, moated_statue
D:2:      lightli_temple_of_fire, nicolae_overflow_crystal_walls, uniq_jessica,
          uniq_crazy_yiuf_cottage
D:3:      fedhas_altar_3, makhleb_grotto_becter, nicolae_ru_path_of_blood,
          chequers_ecumenical_altar_simple
D:4:      gammafunk_temple_overflow_wave, xom_redecorated
D:5:      nemelex_xobeh_ov_fountains_minmay, first_bread, abandoned_shop,
          okawaru_metal_pillars_1_2
D:6:      old_forge, minivault_1
D:7:      temple_green, the_bakery
D:8:      enter_bailey_2, cheibrodos_ashenzari_chains
Temple:   eino_wide_crystal_templ
Bailey:   bailey_axe_1, bailey

Skill      XL: |  1  2  3  4  5  6  7  8  9 |
---------------+----------------------------+-----
Fighting       | 4 5 6 7 |  7.4
Long Blades    | 4 5 6 7 10 | 10.5
Armour         | 3 4 6 7 8 |  8.2
Dodging        | 3 4 |  4.0
Stealth        | |  0.5
Evocations     | |  0.1

Action                   |  1- 3 |  4- 6 |  7- 9 || total
-------------------------+-------+-------+-------++-------
Melee: Falchion          |    54 |   133 |    22 ||   209
       Headbutt          |    10 |    37 |    33 ||    80
       Great sword       |       |       |   100 ||   100
Invok: Burn Spellbooks   |       |     1 |       ||     1
Evoke: Wand              |       |     1 |       ||     1
  Use: Potion            |     5 |     3 |     2 ||    10
       Scroll            |     4 |     4 |     3 ||    11
  Eat: Chunk             |     1 |       |     4 ||     5
       Meat ration       |       |     1 |       ||     1
       Bread ration      |       |     1 |       ||     1
       Fruit             |       |       |     2 ||     2
Armor: Ring mail         |    19 |    36 |       ||    55
       Plate armour      |       |    16 |   121 ||   137
Dodge: Dodged            |    41 |    72 |   100 ||   213
       Rpst.: Falchion   |     9 |    24 |       ||    33
       Great sword       |       |       |    26 ||    26
